 Dungeon Crawl Stone Soup version 0.14-a0-2644-gcc8e764 (webtiles) character file.

2055 HollowCharge the Martial Artist (level 8, -2/71 HPs)
             Began as a Yellow Draconian Monk on Feb 16, 2014.
             Was a Priest of Dithmenos.
             Slain by Edmund
             ... wielding a +2,+1 flail of draining
              (3 damage)
             ... on Level 6 of the Dungeon.
             The game lasted 00:30:43 (6535 turns).

HollowCharge the Martial Artist (DrMo)              Turns: 6535, Time: 00:30:47

HP  -2/71        AC  7     Str 14      XL: 8   Next: 66%
MP   8/8         EV 13     Int 10      God: Dithmenos [***...]
Gold 417         SH  0     Dex 16      Spells:  0 memorised,  7 levels left

rFire  . . .     SeeInvis .       - Unarmed
rCold  . . .     Clarity  .     (armour unavailable)
rNeg   . . .     Conserve .     (no shield)
rPois  .         rCorr    +     (helmet restricted)
rElec  .         rRot     .     (no cloak)
SustAb . .       Spirit   .     e - +0 pair of gloves (curse)
rMut   .         Warding  .     (no boots)
Saprov . . .     Stasis   .     (no amulet)
MR     .....                    (no ring)
                                (no ring)

@: wreathed by umbra, heavily drained, not resistant to hostile enchantments,
fairly stealthy
A: spit acid, acid resistance, unfitting armour, AC +6
a: Spit Acid, Shadow Step, Renounce Religion


You were on level 6 of the Dungeon.
You worshipped Dithmenos.
Dithmenos was most pleased with you.
You were not hungry.

You visited 2 branches of the dungeon, and saw 7 of its levels.

You collected 417 gold pieces.

Inventory:

Hand weapons
 o - a +3,+3 elven short sword of protection
 v - a cursed +2,+0 falchion of slicing
 A - a +2,+2 falchion of freezing
Armour
 e - a cursed +0 pair of gloves (worn)
Magical devices
 h - a wand of confusion (7)
 E - a wand of enslavement (11) {unknown}
Comestibles
 b - 4 bread rations
 d - a banana
 k - 2 apples
 l - 4 meat rations
 q - 2 sausages
 w - a chunk of gnoll flesh
 z - 8 strawberries
 F - 4 chunks of gnoll flesh
 G - a pear
 H - 4 chunks of giant frog flesh
Scrolls
 j - a scroll of recharging
 p - 2 scrolls of identify
 B - a scroll of curse armour
Jewellery
 i - an uncursed ring of wizardry
 s - an uncursed ring of fire
Potions
 a - 2 potions of brilliance
 f - 5 potions of curing
 g - a potion of flight {unknown}
 m - a potion of restore abilities {unknown}
 n - 3 potions of agility {unknown}
 r - a potion of speed {unknown}
 t - a potion of heal wounds {unknown}
 u - a potion of mutation {unknown}
 x - a potion of might {unknown}
 C - a potion of confusion {unknown}
 D - a potion of poison {unknown}
Magical staves
 c - an uncursed staff of energy {unknown}


   Skills:
 + Level 6.6(3.5) Fighting
 + Level 5.6(2.6) Dodging
 - Level 1.7(0.0) Stealth
 * Level 9.0(5.7) Unarmed Combat


You had 7 spell levels left.
You didn't know any spells.

Dungeon Overview and Level Annotations

Branches:
Dungeon (6/16)             Temple (1/1) D:5

Altars:
Ashenzari
Cheibriados
Dithmenos
Elyvilon
Fedhas
Makhleb
Nemelex Xobeh
Okawaru
Sif Muna
Trog
Vehumet
Xom
Yredelemnul
The Shining One

Annotations:
D:6 Edmund


Message History

Edmund is moderately wounded.
Edmund hits you with a flail of draining!
You feel drained.
You barely miss Edmund. You tail-slap Edmund, but do no damage.
You punch Edmund.
Edmund is moderately wounded.
Edmund hits you with a flail of draining!
* * * LOW HITPOINT WARNING * * *
You feel drained.
* * * LOW HITPOINT WARNING * * *
As you read the scroll labeled AVUNKEOJAUSK, it crumbles to dust.
You feel aware of your surroundings.
You sensed 1 altar, and 1 shop/portal.
It was a scroll of magic mapping.
As you read the scroll labeled ROOPPA SHOCKU {tried}, it crumbles to dust.
Your +0 pair of gloves glows black for a moment.
It was a scroll of curse armour.
Edmund hits you with a flail of draining.
* * * LOW HITPOINT WARNING * * *
You feel drained.
You die...

**...,,*#..,*
**#.#**** *
..,*#....***##.#
###.##......,,,..####
#..........#***#....#
#..........#####....##
#.....................
#..........##.........
#...@%........<.......
#####@#######.##[...##
#...#######.##....#
#...#....##.##....#
#...#.............##
#.........).........
#...#....##.########
#...#....#....,,,*,,
#####....#......,*,*
#....#.......#,*


You could see Edmund.

Vanquished Creatures
  Eustachio (D:4)
  Menkaure (D:4)
  A sky beast (D:5)
  2 ogres (D:4)
  Sigmund (D:2)
  A giant frog (D:6)
  3 hounds
  2 orc priests (D:4)
  3 orc wizards (D:4)
  2 gnoll shamans (D:4)
  2 worker ants
  An iguana (D:5)
  2 scorpions
  Ijyb (D:6)
  An ogre skeleton (D:3)
  Terence (D:3)
  8 adders
  33 gnolls (D:4)
  A giant mite (D:2)
  A worm (D:5)
  A giant eyeball (D:4)
  5 giant geckos
  11 orcs
  14 bats
  8 giant cockroaches
  6 goblins
  11 hobgoblins
  25 jackals
  12 kobolds
  A quokka (D:3)
  A ball python skeleton (D:5)
  9 giant newts
  A goblin skeleton (D:5)
  A jackal skeleton (D:5)
  12 rats
  A fungus (D:1)
187 creatures vanquished.

Notes
Turn   | Place    | Note
--------------------------------------------------------------
     0 | D:1      | HollowCharge, the Draconian Monk, began the quest for the Orb.
     0 | D:1      | Reached XP level 1. HP: 19/19 MP: 1/1
   208 | D:1      | Reached XP level 2. HP: 26/26 MP: 2/2
   741 | D:2      | Noticed Sigmund
   759 | D:2      | HP: 1/26 [Sigmund/scythe (11)]
   766 | D:2      | Killed Sigmund
   766 | D:2      | Reached skill level 5 in Unarmed Combat
   766 | D:2      | Reached XP level 3. HP: 2/33 MP: 3/3
   766 | D:2      | Reached XP level 4. HP: 2/40 MP: 4/4
  1502 | D:3      | Found a sparkling altar of Nemelex Xobeh.
  1529 | D:4      | Reached XP level 5. HP: 28/46 MP: 5/5
  2296 | D:3      | Noticed Terence
  2360 | D:3      | Killed Terence
  2417 | D:3      | Reached skill level 6 in Unarmed Combat
  3316 | D:4      | Noticed Menkaure
  3326 | D:5      | Entered Level 5 of the Dungeon
  3326 | D:5      | Found a blossoming altar of Fedhas.
  3596 | D:5      | Reached XP level 6. HP: 53/53 MP: 6/6
  3882 | D:5      | Noticed a sky beast
  3889 | D:5      | Noticed an ogre
  3897 | D:5      | Killed a sky beast
  4230 | D:5      | Found a staircase to the Ecumenical Temple.
  4236 | Temple   | Entered the Ecumenical Temple
  4322 | Temple   | Became a worshipper of Dithmenos
  4322 | Temple   | Acquired Dithmenos' first power
  4657 | D:4      | Your scales start taking on a golden yellow colour.
  4657 | D:4      | Reached XP level 7. HP: 60/60 MP: 7/7
  4665 | D:4      | Paralysed by a giant eyeball for 2 turns
  4766 | D:4      | Reached skill level 7 in Unarmed Combat
  4883 | D:4      | Reached skill level 5 in Fighting
  5441 | D:4      | Noticed Eustachio
  5459 | D:4      | Killed Eustachio
  5574 | D:4      | Noticed an ogre
  5668 | D:4      | Killed an ogre
  5693 | D:4      | Reached XP level 8. HP: 56/70 MP: 8/8
  5734 | D:4      | Reached skill level 8 in Unarmed Combat
  5901 | D:4      | Acquired Dithmenos' second power
  5980 | D:4      | Reached skill level 5 in Dodging
  6447 | D:4      | Killed Menkaure
  6482 | D:6      | Noticed Ijyb
  6494 | D:6      | Reached skill level 9 in Unarmed Combat
  6500 | D:6      | Killed Ijyb
  6513 | D:6      | Noticed Edmund
  6535 | D:6      | HP: 1/71 [Edmund/flail of draining (6)]
  6535 | D:6      | Slain by Edmund

Action                   |  1- 3 |  4- 6 |  7- 9 || total
-------------------------+-------+-------+-------++-------
Melee: Unarmed           |    92 |   314 |   331 ||   737
 Abil: Spit Acid         |       |       |     2 ||     2
  Use: Scroll            |       |    11 |     2 ||    13
 Stab: Sleeping          |     3 |     3 |     2 ||     8
